 Dungeon Sprint DCSS version 0.28.0-53-g5a82cb258f (webtiles) character file.

Game seed: 16474860837969383970

281 Zeld the Thaumaturge (level 6, -2/32 HPs)
             Began as a Deep Elf Conjurer on June 6, 2022.
             Was an Elder of Sif Muna.
             Slain by a gnoll
             ... wielding a +0 club
              (5 damage)
             ... in the Dungeon (Sprint VII: "The Pits").
             The game lasted 00:01:27 (1124 turns).

Zeld the Thaumaturge (Deep Elf Conjurer)            Turns: 1124, Time: 00:01:28

Health: -2/32      AC:  2    Str:  4    XL:     6   Next: 6%
Magic:  4/22       EV: 12    Int: 25    God:    Sif Muna [****..]
Gold:   0          SH:  0    Dex: 13    Spells: 16/27 levels left

rFire   . . .      SeeInvis .   (no weapon)
rCold   . . .      Faith    .   (no shield)
rNeg    . . .      Spirit   .   a - +0 robe
rPois   .          Reflect  .   (no helmet)
rElec   .          Harm     .   (no cloak)
rCorr   .          Rampage  .   (no gloves)
Will    .....      NoTele   +   (no boots)
Stlth   ++........              (no amulet)
HPRegen 0.10/turn               (no ring)
MPRegen 0.18/turn               (no ring)

@: no status effects
A: no striking features
a: Renounce Religion, Channel Magic, Forget Spell, Divine Exegesis


You were in the Dungeon.
You worshipped Sif Muna.
Sif Muna was greatly pleased with you.
You visited 1 branch

Inventory:

Armour
 a - a +0 robe (worn)
Scrolls
 i - 5 scrolls of amnesia
 j - a scroll of summoning
Potions
 b - 6 potions of curing
 c - 6 potions of heal wounds
 d - a potion of haste
 e - 4 potions of magic
 f - 3 potions of berserk rage
 h - 2 potions of invisibility


   Skills:
 - Level 2.4 Dodging
 - Level 2.4 Stealth
 + Level 11.0 Spellcasting
 + Level 10.0 Conjurations
 - Level 2.0 Hexes
 - Level 2.0 Translocations
 * Level 4.3 Invocations


You had 16 spell levels left.
You knew the following spells:

 Your Spells              Type           Power      Damage    Failure   Level
a - Magic Dart            Conj           100%       1d8       1%          1
b - Searing Ray           Conj           100%       2d8       1%          2
c - Fulminant Prism       Conj/Hex       22%        3d13      3%          4
d - Iskenderun's Mystic   Conj/Tloc      44%        2d10      3%          4

Your spell library contained the following spells:

 Spells                   Type           Power      Damage    Failure   Level
 Dazzling Flash           Conj/Hex       88%        N/A       1%          3


Dungeon Overview and Level Annotations

Branches:
Dungeon (1/1)

Altars:
Ashenzari
Cheibriados
Dithmenos
Elyvilon
Fedhas
Gozag
Hepliaklqana
Kikubaaqudgha
Makhleb
Nemelex Xobeh
Okawaru
Qazlal
Ru
Sif Muna
Trog
Uskayaw
Vehumet
Wu Jian
Xom
Yredelemnul
Zin
The Shining One
Beogh
Jiyva
Lugonu


Message History

The gnoll shaman is lightly wounded.
The gnoll shaman shouts! (Press . to maintain the ray.)
The gnoll shaman calls upon its god to speed up something.
The searing ray hits the gnoll shaman!
The gnoll shaman is severely wounded.
The searing ray hits the gnoll shaman.
You kill the gnoll shaman!
Sif Muna accepts your kill.
The searing ray hits the gnoll.
The gnoll is moderately wounded.
Your Spellcasting skill increases to level 11!
Your Conjurations skill increases to level 10!
Your Invocations skill increases to level 4!
You have reached level 6!
The searing ray hits the gnoll!
The gnoll is severely wounded.
You finish channelling your searing ray.
The gnoll shouts!
The gnoll hits you with a +0 club!
* * * LOW HITPOINT WARNING * * *
Casting: Searing Ray (safe; 1% risk of failure)
Confirm with . or Enter, or press ? or * to list all spells.
Aiming: Searing Ray (safe; 1% risk of failure)
Press: ? - help, Shift-Dir - straight line, f - gnoll
Aim: a gnoll, wielding a +0 club (severely wounded, fast, 85% to hit)
The searing ray misses the gnoll. (Press . to maintain the ray.)
The gnoll hits you with a +0 club.
* * * LOW HITPOINT WARNING * * *
The gnoll barely misses you.
Unknown command.
Casting: Searing Ray (safe; 1% risk of failure)
Confirm with . or Enter, or press ? or * to list all spells.
The spell is quite dangerous to miscast (3% risk of failure)!
Continue anyway? [Y]es or [N]o only, please.
The spell is quite dangerous to miscast (3% risk of failure)!
Continue anyway?
Okay, then.
The gnoll hits you with a +0 club.
You die...

#_______.†.#######
##########'##.....
#.?(.')))'.##.....
##########.##.....
#...........'.....
#'#####'#####.....
#.#..#.).'.##.....
#.#..#...#.#####'#
#@#..#####.##.....
#g#..†...#.##.....
#.#..'...'†##.....
#.#.†########...<.
#)#..'.)))[##.....
#g#..#.)))[##.....
#)###########.....
#....S..# ######
#.###g..#


You could see 2 gnolls.

Vanquished Creatures
  A gnoll sergeant (D)
  2 scorpions (D)
  A gnoll shaman (D)
  4 gnolls (D)
  2 adders (D)
  A river rat (D)
  An endoplasm (D)
  A hobgoblin (D)
  2 quokkas (D)
  A frilled lizard (D)
  A kobold (D)
17 creatures vanquished.

Notes
Turn   | Place    | Note
-------+----------+-------------------------------------------
     0 | D        | Zeld the Deep Elf Conjurer began the quest for the Orb.
     0 | D        | Reached XP level 1. HP: 10/10 MP: 6/6
    13 | D        | Found a bloodstained altar of Trog.
    13 | D        | Found a shimmering blue altar of Sif Muna.
    13 | D        | Found a viscous altar of Jiyva.
    13 | D        | Found a hazy altar of Hepliaklqana.
    13 | D        | Found an opulent altar of Gozag.
    14 | D        | Found a glowing golden altar of the Shining One.
    14 | D        | Found a glowing silver altar of Zin.
    14 | D        | Found a basalt altar of Yredelemnul.
    14 | D        | Found a shimmering altar of Xom.
    14 | D        | Found an ornate altar of the Wu Jian Council.
    14 | D        | Found a sacrificial altar of Ru.
    14 | D        | Found a stormy altar of Qazlal.
    14 | D        | Found an iron altar of Okawaru.
    14 | D        | Found a sparkling altar of Nemelex Xobeh.
    14 | D        | Found a burning altar of Makhleb.
    14 | D        | Found a blossoming altar of Fedhas.
    14 | D        | Found a white marble altar of Elyvilon.
    14 | D        | Found a shadowy altar of Dithmenos.
    14 | D        | Found a snail-covered altar of Cheibriados.
    15 | D        | Found a radiant altar of Vehumet.
    15 | D        | Found a corrupted altar of Lugonu.
    16 | D        | Found an ancient bone altar of Kikubaaqudgha.
    16 | D        | Found a hide-covered altar of Uskayaw.
    16 | D        | Found a broken altar of Ashenzari.
    17 | D        | Became a worshipper of Sif Muna the Loreminder
    20 | D        | Reached skill level 1 in Hexes
    20 | D        | Reached skill level 1 in Translocations
    99 | D        | Reached * piety under Sif Muna
   392 | D        | Noticed a scorpion
   393 | D        | Noticed a scorpion
   681 | D        | Reached skill level 4 in Spellcasting
   681 | D        | Reached skill level 5 in Conjurations
   681 | D        | Reached XP level 2. HP: 15/15 MP: 4/9
   684 | D        | Learned a level 2 spell: Searing Ray
   696 | D        | Reached ** piety under Sif Muna
   697 | D        | Reached skill level 5 in Spellcasting
   698 | D        | Reached skill level 6 in Spellcasting
   698 | D        | Reached XP level 3. HP: 12/19 MP: 2/13
   699 | D        | Reached *** piety under Sif Muna
   700 | D        | Reached skill level 7 in Spellcasting
   700 | D        | Noticed a gnoll sergeant
   832 | D        | Killed a scorpion
   833 | D        | Reached skill level 8 in Spellcasting
   833 | D        | Reached XP level 4. HP: 21/24 MP: 6/16
   862 | D        | Reached skill level 9 in Spellcasting
   868 | D        | Killed a scorpion
   869 | D        | Reached skill level 10 in Spellcasting
   869 | D        | Reached XP level 5. HP: 28/28 MP: 1/19
   874 | D        | Learned a level 4 spell: Fulminant Prism
   879 | D        | Learned a level 4 spell: Iskenderun's Mystic Blast
   995 | D        | Reached **** piety under Sif Muna
  1120 | D        | Reached skill level 11 in Spellcasting
  1120 | D        | Reached skill level 10 in Conjurations
  1120 | D        | Reached XP level 6. HP: 15/32 MP: 6/22
  1124 | D        | Slain by a gnoll

Illustrated notes

Levels and vault maps discovered:
D:        pitsprint [storerooms_1, entrance_room_1, metal_vault_1, armoury_1,
          mini_pit_1, grid_room_1, main_hall_1, silver_pit, the_coven_1,
          the_vestibule_1, steel_vault_5, golden_pit, hallway_of_sentries,
          crystal_vault_6, iron_vault_2, final_vault]

Skill      XL: |  1  2  3  4  5 |
---------------+----------------+-----
Hexes          | 2 |  2.0
Translocations | 2 |  2.0
Spellcasting   | 4 6 8 10 11 | 11.0
Conjurations   | 5 6 8 9 10 | 10.0
Invocations    | 4 |  4.3
Dodging        | |  2.4
Stealth        | |  2.4

Action                   |  1- 3 |  4- 6 || total
-------------------------+-------+-------++-------
 Cast: Magic Dart        |    14 |       ||    14
       Searing Ray       |     3 |     8 ||    11
       Iskenderun's Myst |       |     1 ||     1
  Use: Scroll            |     1 |       ||     1
Dodge: Dodged            |     9 |     7 ||    16
